 Dungeon Crawl Stone Soup version 0.21-a0-28-g9a7844a (webtiles) character file.

60 Manul the Sneak (level 3, 0/18 HPs)
             Began as a Spriggan Assassin on May 26, 2017.
             Slain by a worm (10 damage)
             ... on level 2 of the Dungeon.
             The game lasted 00:00:54 (841 turns).

Manul the Sneak (Spriggan Assassin)                  Turns: 841, Time: 00:00:55

Health: 0/18       AC:  3    Str:  7    XL:     3   Next: 82%
Magic:  4/4        EV: 17    Int: 12    God:
Gold:   85         SH:  0    Dex: 18    Spells: 2/2 levels left

rFire    . . .     SeeInvis +   a - +2 dagger
rCold    . . .     Gourm    .   (shield restricted)
rNeg     . . .     Faith    .   c - +0 robe
rPois    .         Spirit   .   (helmet restricted)
rElec    .         Reflect  .   d - +0 cloak
rCorr    .         Harm     .   (gloves unavailable)
MR       .....                  (boots unavailable)
Stlth    ++++......             (no amulet)
Regen    0.1/turn               (no ring)
MPRegen  0.1/turn               (no ring)

@: very quick
A: unfitting armour, see invisible, herbivore 3, speed 3, slow metabolism 2
a: no special abilities


You were on level 2 of the Dungeon.
You were not hungry.

You visited 1 branch of the dungeon, and saw 2 of its levels.

You collected 85 gold pieces.

Inventory:

Hand Weapons
 a - a +2 dagger (weapon)
 b - a +0 blowgun
Missiles
 e - 20 poisoned needles
 f - 2 curare-tipped needles
Armour
 c - a +0 robe (worn)
 d - a +0 cloak (worn)
Scrolls
 h - a scroll of teleportation {unknown}
 i - a scroll of identify {unknown}
 j - a scroll of amnesia {unknown}
 l - a scroll of remove curse {unknown}
 q - 2 scrolls of enchant weapon {unknown}
 r - a scroll of magic mapping {unknown}
Potions
 m - a potion of resistance {unknown}
 n - a potion of flight {unknown}
 o - a potion of degeneration {unknown}
 p - a potion of curing {unknown}
Comestibles
 g - a bread ration
 k - 3 fruits


   Skills:
 + Level 1.7 Fighting
 + Level 2.5 Short Blades
 + Level 2.1 Throwing
 + Level 2.2 Dodging
 + Level 7.6 Stealth


You had 2 spell levels left.
You didn't know any spells.

Dungeon Overview and Level Annotations

Branches:
Dungeon (2/15)

Altars:
Kikubaaqudgha
The Shining One


Innate Abilities, Weirdness & Mutations

You are very small and have problems with some larger weapons.
You are too small for most types of armour.
You have supernaturally acute eyesight. (SInv)
You are a herbivore.
You cover ground extremely quickly.
You need consume almost no food.


Message History

You hit the worm.
The worm is lightly wounded.
The worm misses you.
You barely miss the worm.
The worm is lightly wounded.
You barely miss the worm.
The worm is lightly wounded.
The worm bites you.
You barely miss the worm.
The worm is lightly wounded.
You hit the worm.
The worm is lightly wounded.
The worm barely misses you.
You hit the worm.
The worm is moderately wounded.
You hit the worm.
The worm is moderately wounded.
The worm bites you!
Ouch! That really hurt!
You die...

#..........P.# #.##..
#...........†##......
#.##.._..##........... #
#.......#P#.........
#########...†...#..
.......#.#......
##.#.####.##..##. ##.w..#
#†##..# #..@..# #.....##
##.).## ##.....## ##.##
##.......##
#########...####.........#
...............+..(......+
#########...####.........#
#....## ##.......## #.####
##.....## #.# ##...##


You could see a worm.

Vanquished Creatures
  Natasha (D:2)
  An adder (D:2)
  An ooze (D:1)
  A leopard gecko (D:2)
  3 hobgoblins
  4 kobolds (D:2)
  A quokka (D:2)
  4 bats
  4 goblins
  4 rats
24 creatures vanquished.

Notes
Turn   | Place    | Note
-------+----------+-------------------------------------------
     0 | D:1      | Manul the Spriggan Assassin began the quest for the Orb.
     0 | D:1      | Reached XP level 1. HP: 10/10 MP: 2/2
    38 | D:1      | Reached skill level 6 in Stealth
   155 | D:1      | Reached XP level 2. HP: 14/14 MP: 3/3
   329 | D:1      | Found a glowing golden altar of the Shining One.
   709 | D:2      | Noticed Natasha
   714 | D:2      | Killed Natasha
   714 | D:2      | Reached skill level 7 in Stealth
   714 | D:2      | Reached XP level 3. HP: 15/18 MP: 4/4
   750 | D:2      | Found an ancient bone altar of Kikubaaqudgha.
   841 | D:2      | Slain by a worm

Vault maps used:
D:1:      denvon_arrival_planthouse, serial_forest,
          infiniplex_forest_clump_curved, infiniplex_forest_lined_3,
          infiniplex_forest_clump_diagonal, infiniplex_forest_corner_1,
          tso_altar
D:2:      kennysheep_the_goblin_king, kiku_gazebo_garden_becter, serial_undead,
          serial_undead_b, serial_undead_b, serial_undead_a, serial_undead_a,
          uniq_natasha

Skill      XL: |  1  2 |
---------------+-------+-----
Stealth        | 6 7 |  7.6
Dodging        | 2 |  2.2
Fighting       | |  1.7
Short Blades   | |  2.5
Throwing       | |  2.1

Action                   || total
-------------------------++-------
Melee: Dagger            ||    73
 Stab: Sleeping          ||    11
Armor: Robe              ||     5
Dodge: Dodged            ||    35
